 Dungeon Crawl Stone Soup version 0.26.0-3-g156281e41b (webtiles) character file.

Game seed: 11268530424393982539

6753 Gauvater the Blocker (level 11, -7/90 HPs)
             Began as a Formicid Fighter on Jan 9, 2021.
             Was an Elder of Zin.
             Splashed by an oklob plant's acid (11 damage)
             ... on level 10 of the Dungeon.
             The game lasted 01:04:33 (10333 turns).

Gauvater the Blocker (Formicid Fighter)            Turns: 10333, Time: 01:04:34

Health: -7/90      AC:  0    Str: 24    XL:     11   Next: 24%
Magic:  11/15      EV: 11    Int:  8    God:    Zin [****..]
Gold:   418        SH: 12    Dex: 10    Spells: 10/10 levels left

rFire    + . .     SeeInvis +   K - +3 dagger (distort)
rCold    x . .     Faith    .   c - +0 kite shield
rNeg     . . .     Spirit   .   b - +0 scale mail
rPois    .         Reflect  .   (helmet unavailable)
rElec    .         Harm     .   (no cloak)
rCorr    .         Rampage  .   y - +0 pair of gloves
Will     +....                  (no boots)
Stlth    ..........             (no amulet)
HPRegen  0.25/turn              m - ring of fire
MPRegen  0.14/turn              (no ring)

@: corroded, flying
A: permanent stasis, dig shafts and tunnels, four strong arms, antennae 3
a: Dig, Shaft Self, Renounce Religion, Recite, Vitalisation, Imprison, Donate
Gold


You were on level 10 of the Dungeon.
You worshipped Zin.
Zin was greatly pleased with you.
You visited 2 branches of the dungeon, and saw 12 of its levels.
You also visited: Sewer.

You collected 670 gold pieces.
You spent 90 gold pieces at shops.
You donated 162 gold pieces to Zin.

Inventory:

Hand Weapons
 p - a +3 shortbow
 C - a +4 vorpal spear
 G - the +8 war axe of Revolt {vorpal, rElec}
   (You found it on level 5 of the Dungeon)

   It inflicts extra damage upon your enemies.
   It insulates you from electricity.
 K - a +3 dagger of distortion (weapon)
Missiles
 g - 109 sling bullets
 j - 283 arrows
 k - 211 stones
 u - 12 poisoned darts (quivered)
 J - 3 atropa-tipped darts
Armour
 a - the +5 ring mail of Card Tricks {Harm SInv Stlth-}
   (You found it on level 8 of the Dungeon)

   It lets you see invisible.
   It increases damage dealt and taken.
   It makes you less stealthy.
 b - a +0 scale mail (worn)
 c - a +0 kite shield (worn)
 f - a +1 leather armour of cold resistance
 y - a +0 pair of gloves (worn)
Jewellery
 m - a ring of fire (left hand)
 Q - a +6 ring of intelligence {unknown}
Wands
 i - a wand of flame (9)
 s - a wand of digging (13)
 B - a wand of acid (7)
 D - a wand of paralysis (13)
 M - a wand of disintegration (42)
 P - a wand of iceblast (7)
Scrolls
 e - 5 scrolls of remove curse
 h - 3 scrolls of amnesia
 z - 4 scrolls of fear
 E - 2 scrolls of fog
 F - 3 scrolls of random uselessness {unknown}
 L - a scroll of immolation {unknown}
 N - a scroll of acquirement {unknown}
 O - a scroll of vulnerability {unknown}
Potions
 l - 2 potions of berserk rage
 n - 2 potions of haste {unknown}
 q - 3 potions of brilliance {unknown}
 r - 2 potions of curing
 t - 2 potions of lignification {unknown}
 v - 4 potions of degeneration {unknown}
 w - 3 potions of flight
 x - 3 potions of heal wounds {unknown}
 A - 4 potions of attraction {unknown}
Miscellaneous
 o - a lightning rod (4/4)


   Skills:
 * Level 10.0 Fighting
 + Level 6.0 Short Blades
 - Level 4.1(5.1) Axes
 + Level 4.4(5.2) Polearms
 - Level 1.6 Throwing
 - Level 5.5 Armour
 - Level 3.1 Dodging
 + Level 1.9 Stealth
 + Level 10.0 Shields
 * Level 5.9 Invocations


You had 10 spell levels left.
You didn't know any spells.
Your spell library contained the following spells:

 Spells                   Type           Power        Failure   Level
 Animate Skeleton         Necr           0%           69%         1
 Pain                     Necr           0%           69%         1
 Summon Small Mammal      Summ           0%           69%         1
 Call Imp                 Summ           0%           83%         2
 Call Canine Familiar     Summ           0%           96%         3
 Confusing Touch          Hex            0%           96%         3
 Gell's Gravitas          Tloc           0%           96%         3
 Summon Guardian Golem    Hex/Summ       0%           96%         3
 Vampiric Draining        Necr           0%           96%         3
 Animate Dead             Necr           0%           100%        4
 Petrify                  Tmut/Erth      0%           100%        4
 Summon Ice Beast         Ice/Summ       0%           100%        4
 Summon Lightning Spire   Summ/Air       0%           100%        4
 Agony                    Necr           0%           100%        5
 Metabolic Englaciation   Hex/Ice        0%           100%        5
 Yara's Violent Unravell  Hex/Tmut       0%           100%        5


Dungeon Overview and Level Annotations

Branches:
Dungeon (11/15)            Temple (1/1) D:6            Lair (0/6) D:10
  Sewer (visited)
    Orc: D:9-12

Altars:
Ashenzari
Cheibriados
Dithmenos
Elyvilon
Fedhas
Gozag
Hepliaklqana
Kikubaaqudgha
Makhleb
Nemelex Xobeh
Okawaru
Qazlal
Ru
Sif Muna
Trog
Uskayaw
Vehumet
Wu Jian
Xom
Yredelemnul
Zin
The Shining One

Annotations:
D:10 exclusion: oklob plant


Innate Abilities, Weirdness & Mutations

You cannot be hasted, slowed, berserked, paralysed or teleported.
You can dig through walls and to a lower floor.
Your four strong arms can wield two-handed weapons with a shield.
You have a pair of large antennae on your head. (SInv)


Message History

* * * LOW HITPOINT WARNING * * *
You hear a deep rumble.
Found a stone staircase leading up.
You start resting.
A centaur is nearby!
The centaur shoots an arrow.
The arrow barely misses you.
You see here an arrow.
Really walk into a travel-excluded area?
Okay, then.
Okay, then.
It was a potion of flight.
You feel very buoyant.
You fly up into the air.
The centaur shoots an arrow.
The arrow hits you!
* * * LOW HITPOINT WARNING * * *
Really fly into a travel-excluded area?
The oklob plant spits acid at you. The splash of acid hits you!
* * * LOW HITPOINT WARNING * * *
The acid corrodes you!
You are splashed with acid!
You die...

,,,,,,,,,,* #(.##
**,,,* ,****,,,,,*
#c..######*,,,,* ,*
*,,,,,*
#..#...≈..,*,,,****
,* *,,,,,*
#....#...#,,,,,,,,,
,* *,,,,,*
#...##PPP#*,,,*,,,,
,* *,,,,,*
#.#..PPPPP,,*,*,,,,
,* *,,,,,*
#.#≈.PP>P.,≈*,*,,,,
,* ***,***
##(#..PPPP.,,*,+,,,,
,* *,*
#=.@.##..$**,,,*,,,,
,******,*
#.....#...*,,,,*,,,,
,,,,,**,*
#...#...≈.,,*,,*,,,,
****,**,*
#....#####**,,,*,,,,
*,**,* #.<###
*,,,,,,,, *,**,*
#..# *********
****,**,* ####
,,,,,**,* *******,*


You could see an oklob plant and a centaur.

Vanquished Creatures
  2 two-headed ogres
  Joseph (D:9)
  Grinder (D:3)
  Sigmund (D:2)
  7 yaks (D:9)
  Grum (D:9)
  2 water moccasins
  A sky beast (D:6)
  Purgy (Sewer)
  A necrophage (D:6)
  3 ice beasts
  2 ogres
  4 centaurs
  A wolf (D:9)
  Blork the orc (D:5)
  7 bullfrogs
  2 scorpions
  8 howler monkeys
  A centaur zombie (D:9)
  A quasit (D:9)
  2 bullfrog zombies
  A bullfrog skeleton (D:6)
  6 hounds
  2 orc priests
  2 jellies
  Jessica (D:2)
  2 iguanas
  2 orc wizards
  6 worker ants
  2 hound zombies
  3 worker ant zombies
  10 gnolls (D:4)
  9 adders
  A white imp (D:7)
  3 ufetubi
  An ooze (D:3)
  An adder zombie (D:5)
  An adder skeleton (D:7)
  3 worms
  2 dart slugs
  6 leopard geckos
  8 orcs
  4 ball pythons
  3 giant cockroaches
  6 goblins
  6 hobgoblins
  7 jackals
  9 kobolds
  6 quokkas
  5 bats
  12 frilled lizards
  A jackal skeleton (D:5)
  A leopard gecko skeleton (D:6)
  A leopard gecko zombie (D:7)
  A quokka skeleton (D:4)
  8 rats
192 creatures vanquished.

Vanquished Creatures (others)
  A leopard gecko (D:2)
  29 plants (D:4)
30 creatures vanquished.

Grand Total: 222 creatures vanquished

Notes
Turn   | Place    | Note
-------+----------+-------------------------------------------
     0 | D:1      | Gauvater the Formicid Fighter began the quest for the Orb.
     0 | D:1      | Reached XP level 1. HP: 18/18 MP: 1/1
    95 | D:1      | Reached XP level 2. HP: 24/24 MP: 2/2
   454 | D:1      | Reached XP level 3. HP: 27/29 MP: 3/3
   561 | D:2      | Found a radiant altar of Vehumet.
   597 | D:2      | Found a burning altar of Makhleb.
   739 | D:2      | Noticed Sigmund
   753 | D:2      | Killed Sigmund
   754 | D:2      | Reached skill level 1 in Dodging
   754 | D:2      | Reached XP level 4. HP: 22/37 MP: 4/4
   754 | D:2      | Reached XP level 5. HP: 25/42 MP: 5/5
   909 | D:2      | Reached XP level 6. HP: 48/48 MP: 6/6
   919 | D:2      | Found a glowing golden altar of the Shining One.
  1105 | D:2      | Noticed Jessica
  1109 | D:2      | Killed Jessica
  1478 | D:3      | Noticed Grinder
  1501 | D:3      | Killed Grinder
  1502 | D:3      | Reached skill level 1 in Short Blades
  1502 | D:3      | Reached skill level 5 in Shields
  1502 | D:3      | Reached XP level 7. HP: 7/55 MP: 7/7
  2140 | D:3      | Reached skill level 5 in Fighting
  2302 | D:3      | Found a sparkling altar of Nemelex Xobeh.
  3057 | D:4      | Found a blossoming altar of Fedhas.
  3083 | D:4      | Reached XP level 8. HP: 53/64 MP: 8/8
  3780 | D:5      | Entered Level 5 of the Dungeon
  3906 | D:5      | Found a glowing drain.
  3919 | Sewer    | Entered a sewer
  4018 | Sewer    | Noticed Purgy
  4052 | Sewer    | Killed Purgy
  4627 | D:5      | Noticed Blork the orc
  4644 | D:5      | Killed Blork the orc
  4668 | D:5      | Got a jewelled war axe
  4668 | D:5      | Identified the +8 war axe of Revolt {vorpal, rElec} (You
                  | found it on level 5 of the Dungeon)
  4916 | D:5      | Reached skill level 1 in Axes
  5021 | D:5      | Found a basalt altar of Yredelemnul.
  5435 | D:6      | Reached XP level 9. HP: 63/72 MP: 9/9
  5515 | D:6      | Found a broken altar of Ashenzari.
  5731 | D:6      | Reached skill level 5 in Armour
  5732 | D:6      | Found Zin's Purification Station.
  5732 | D:6      | Found a glowing silver altar of Zin.
  5749 | D:6      | Bought a potion of curing for 90 gold pieces
  5856 | D:6      | Found a staircase to the Ecumenical Temple.
  5881 | Temple   | Entered the Ecumenical Temple
  5985 | D:6      | Became a worshipper of Zin the Law-Giver
  5985 | D:6      | Reached * piety under Zin
  6030 | D:7      | Donated 104 gold pieces to Zin
  6176 | D:7      | You fall into a shaft and drop 1 floor!
  6198 | D:7      | Reached skill level 1 in Invocations
  6316 | D:7      | Reached ** piety under Zin
  6639 | D:7      | Reached *** piety under Zin
  7075 | D:6      | Found a stormy altar of Qazlal.
  7369 | D:8      | Reached skill level 1 in Stealth
  7653 | D:8      | Reached **** piety under Zin
  7747 | D:8      | Found an opulent altar of Gozag.
  7762 | D:8      | Reached XP level 10. HP: 80/82 MP: 12/12
  7835 | D:8      | Noticed a two-headed ogre
  7846 | D:8      | Killed a two-headed ogre
  7847 | D:8      | Reached skill level 1 in Throwing
  7991 | D:8      | Found an ancient bone altar of Kikubaaqudgha.
  8308 | D:8      | Found a shimmering altar of Xom.
  8361 | D:8      | Got a diamond-encrusted ring mail
  8371 | D:8      | Identified the +5 ring mail of Card Tricks {Harm SInv
                  | Stlth-} (You found it on level 8 of the Dungeon)
  8419 | D:8      | Found a shimmering altar of Xom.
  8419 | D:8      | Found a shimmering altar of Xom.
  8420 | D:8      | Found a shimmering altar of Xom.
  8420 | D:8      | Found a shimmering altar of Xom.
  8420 | D:8      | Found a shimmering altar of Xom.
  8420 | D:8      | Found a shimmering altar of Xom.
  8420 | D:8      | Found a shimmering altar of Xom.
  8640 | D:9      | Noticed a two-headed ogre
  8735 | D:9      | Killed a two-headed ogre
  9293 | D:9      | Reached skill level 5 in Invocations
  9555 | D:9      | Reached skill level 5 in Short Blades
  9610 | D:9      | Reached XP level 11. HP: 87/89 MP: 13/15
  9630 | D:9      | Noticed Joseph
  9633 | D:9      | Found a white marble altar of Elyvilon.
  9644 | D:9      | Killed Joseph
  9861 | D:9      | Noticed Grum
  9889 | D:9      | Killed Grum
  9890 | D:9      | Reached skill level 10 in Shields
  9897 | D:9      | HP: 3/90 [wolf[Grum] (4)]
  9898 | D:9      | You fall into a shaft and drop 2 floors!
 10079 | D:11     | Reached skill level 10 in Fighting
 10103 | D:11     | HP: 3/90 [orc priest/divine providence (13)]
 10105 | D:10     | Entered Level 10 of the Dungeon
 10321 | D:10     | Noticed an oklob plant
 10325 | D:10     | Found a staircase to the Lair.
 10333 | D:10     | HP: 4/90 [oklob plant/splash of acid (11)]
 10333 | D:10     | Splashed by an oklob plant's acid

Illustrated notes

Levels and vault maps discovered:
D:1:      amcnicky_arrival_single_pillar, layout_rooms
D:2:      layout_basic, old_standard_altar, fiery_altar_vehumet, tso_altar,
          grunt_decor_fettered, uniq_jessica, uniq_sigmund
D:3:      layout_basic, nemelex_dance_club_becter, uniq_grinder
D:4:      wad_woods_settlement, layout_basic, fedhas_bush_and_centaur_altar
D:5:      layout_basic, lemuel_round_altar, portal_sewer_entry_b,
          uniq_blork_the_orc
D:6:      layout_layer_cave, zin_purify, old_standard_altar,
          evilmike_ruin_ashenzari, minmay_temple_entry_sparse_star
D:7:      layout_loops_ring
D:8:      layout_loops_ring, marbit_many_paths,
          nicolae_gozag_cash_rules_everything_around_me, xom_shifter_show
D:9:      layout_rooms, elyvilon_altar_3, uniq_grum, uniq_joseph
D:10:     minmay_slanted_spiral_squares, layout_basic, dpeg_oklobed_lair,
          uniq_harold
D:11:     layout_roguey, hiddenorc2_lemuel, serial_shops, kennysheep_little_box
Temple:   eino_wide_crystal_templ

Skill      XL: |  1  2  3  4  5  6  7  8  9 10 11 |
---------------+----------------------------------+-----
Shields        | 4 5 6 7 8 9 10 | 10.0
Fighting       | 4 5 7 8 9 10 | 10.0
Polearms       | 3 4 |  4.4
Dodging        | 1 2 3 |  3.1
Armour         | 4 5 |  5.5
Short Blades   | 1 5 6 |  6.0
Axes           | 1 4 |  4.1
Invocations    | 2 5 |  5.9
Stealth        | 1 |  1.9
Throwing       | 1 |  1.6

Action                   |  1- 3 |  4- 6 |  7- 9 | 10-12 || total
-------------------------+-------+-------+-------+-------++-------
Melee: Trident           |    73 |    48 |   138 |       ||   259
       Dagger            |    16 |     4 |    67 |   196 ||   283
       Spear             |       |       |   116 |       ||   116
       War axe           |       |       |   103 |       ||   103
Throw: Dart              |       |     1 |    11 |    28 ||    40
Invok: Donate Gold       |       |       |     2 |       ||     2
       Recite            |       |       |     1 |     2 ||     3
       Vitalisation      |       |       |       |     1 ||     1
       Imprison          |       |       |       |     1 ||     1
 Abil: Dig               |       |     2 |       |       ||     2
       Shaft Self        |       |       |       |     1 ||     1
  Use: Scroll            |       |       |    11 |     3 ||    14
       Potion            |       |       |       |     6 ||     6
Armor: Scale mail        |    31 |    10 |   114 |    33 ||   188
Dodge: Dodged            |    31 |     5 |   139 |    72 ||   247
Block: Kite shield       |    55 |    23 |   231 |   109 ||   418
